| TOP OF THE 1ST |
|
Oklahoma City 89ers batting - Pitching for Evansville Triplets : RHP Randy Pitts
|
|
Pitching: RHP Randy Pitts
|
|
|
Batting: RHB James Glenn
|
0-0: Foul Ball, location: 2F 0-1: Ball 1-1: Ball 2-1: Foul Ball, location: 2F 2-2: Ball 3-2: Foul Ball, location: 2F 3-2: Ground out 5-3 (Groundball, 56S, EV 74.4 MPH)
|
|
Batting: RHB John Christensen
|
0-0: SINGLE (Groundball, 34D, EV 95.6 MPH)
|
|
Batting: RHB David Green
|
0-0: Called Strike 0-1: SINGLE (Groundball, 6MD, EV 96.3 MPH) John Christensen to second
|
|
Batting: RHB Cecil Fielder
|
0-0: Ball 1-0: Ball 2-0: Called Strike 2-1: Ball 3-1: Base on Balls John Christensen to third David Green to second
|
|
Batting: LHB Tom O'Malley
|
0-0: DOUBLE (Groundball, 3L, EV 98.1 MPH) John Christensen scores David Green scores Cecil Fielder to third Runner from 3rd tries for Home, SAFE, throw by RF to home
|
|
Batting: LHB John Harris
|
0-0: Ground out 3-1 (Groundball, 34, EV 85.6 MPH) Tom O'Malley to third
|
|
Batting: RHB Nick Esasky
|
0-0: Foul Ball, location: 2F 0-1: Ground out 6-3 (Groundball, 56, EV 108.8 MPH)
|
| Top of the 1st over - 3 runs, 3 hits, 0 errors, 1 left on base; Oklahoma City 3 - Evansville 0 |
| BOTTOM OF THE 1ST |
|
Evansville Triplets batting - Pitching for Oklahoma City 89ers : LHP Jesus Rios
|
|
Pitching: LHP Jesus Rios
|
|
|
Batting: LHB Greg Gross
|
0-0: Ball 1-0: Called Strike 1-1: Ball 2-1: Swinging Strike 2-2: TRIPLE (Line Drive, 89XD, EV 106.9 MPH)
|
|
Batting: RHB Cory Mihalic
|
0-0: Ball 1-0: Foul Ball, location: 2F 1-1: Called Strike 1-2: Ground out 5-3 (Groundball, 56S, EV 63.1 MPH) Greg Gross scores
|
|
Batting: LHB Lloyd Moseby
|
0-0: Called Strike 0-1: Foul Ball, location: 2F 0-2: SINGLE (Line Drive, 6D, EV 100.6 MPH)
|
|
Batting: RHB Ron Kittle
|
0-0: Ball 1-0: Foul Ball, location: 2F 1-1: Ball 2-1: DOUBLE (Line Drive, 78D, EV 105.0 MPH) Lloyd Moseby to third Runner from 3rd tries for Home, SAFE, throw by LF to home
|
|
Batting: SHB Mickey Tettleton
|
0-0: Called Strike 0-1: Ball 1-1: Foul Ball, location: 2F 1-2: Strikes out swinging
|
|
Batting: RHB Mike Allen
|
0-0: Hit by Pitch
|
|
Batting: LHB Luis Alfaro
|
0-0: Called Strike 0-1: Called Strike 0-2: Ball 1-2: Ball 2-2: Ball 3-2: Foul Ball, location: 2F 3-2: Ground out U3 (Groundball, 34, EV 105.6 MPH)
|
| Bottom of the 1st over - 2 runs, 3 hits, 0 errors, 2 left on base; Oklahoma City 3 - Evansville 2 |
| TOP OF THE 2ND |
|
Oklahoma City 89ers batting - Pitching for Evansville Triplets : RHP Randy Pitts
|
|
Batting: RHB Robert Bailey
|
0-0: Ball 1-0: Called Strike 1-1: Ground out 6-3 (Groundball, 56, EV 101.9 MPH)
|
|
Batting: RHB Danny Jasso
|
0-0: Called Strike 0-1: Ball 1-1: Called Strike 1-2: Foul Ball, location: 2F 1-2: DOUBLE (Line Drive, 5D, EV 104.4 MPH)
|
|
Batting: RHB James Glenn
|
0-0: Called Strike 0-1: Ball 1-1: SINGLE (Groundball, 5S, EV 63.8 MPH) (infield hit) Danny Jasso to third
|
|
Batting: RHB John Christensen
|
0-0: Called Strike 0-1: Swinging Strike 0-2: Strikes out swinging
|
|
Batting: RHB David Green
|
0-0: Ball 1-0: Foul Ball, location: 2F 1-1: Called Strike 1-2: Ball 2-2: 3-RUN HOME RUN (Flyball, 7LD, EV 100.0 MPH), Distance : 344 ft
|
|
Batting: RHB Cecil Fielder
|
0-0: Ball 1-0: Foul Ball, location: 2F 1-1: Fly out, F5 (Flyball, 5D, EV 89.4 MPH)
|
| Top of the 2nd over - 3 runs, 3 hits, 0 errors, 0 left on base; Oklahoma City 6 - Evansville 2 |
| BOTTOM OF THE 2ND |
|
Evansville Triplets batting - Pitching for Oklahoma City 89ers : LHP Jesus Rios
|
|
Batting: RHB Jaden Smith
|
0-0: Ball 1-0: Fly out, F8 (Flyball, 8LD, EV 76.9 MPH)
|
|
Batting: RHB Ed Jurak
|
0-0: Ball 1-0: Foul Ball, location: 2F 1-1: SINGLE (Groundball, 34D, EV 99.4 MPH)
|
|
Batting: LHB Greg Gross
|
0-0: Called Strike 0-1: Foul Ball, location: 2F 0-2: Grounds into double play, 5-4-3 (Groundball, 5D, EV 88.1 MPH)
|
| Bottom of the 2nd over - 0 runs, 1 hit, 0 errors, 0 left on base; Oklahoma City 6 - Evansville 2 |
| TOP OF THE 3RD |
|
Oklahoma City 89ers batting - Pitching for Evansville Triplets : RHP Randy Pitts
|
|
Batting: LHB Tom O'Malley
|
0-0: Called Strike 0-1: Swinging Strike 0-2: Ball 1-2: Ball 2-2: Fly out, F6 (Line Drive, 6, EV 75.6 MPH)
|
|
Batting: LHB John Harris
|
0-0: Ball 1-0: Swinging Strike 1-1: SINGLE (Line Drive, 4MD, EV 97.5 MPH)
|
|
Pitching: RHP Victor Bernal
|
|
|
Batting: RHB Nick Esasky
|
0-0: Called Strike John Harris steals 2nd base 0-1: Ball 1-1: Ball 2-1: Swinging Strike 2-2: Foul Ball, location: 2F 2-2: Ball 3-2: Foul Ball, location: 2F 3-2: Fly out, F8 (Flyball, 8LXD, EV 100.0 MPH) Runner from 2nd tags up, SAFE at 3rd, no throw by CF
|
|
Batting: RHB Robert Bailey
|
0-0: Ball 1-0: Called Strike 1-1: Called Strike 1-2: Foul Ball, location: 2F 1-2: Ground out 1-3 (Groundball, 34S, EV 67.5 MPH)
|
| Top of the 3rd over - 0 runs, 1 hit, 0 errors, 1 left on base; Oklahoma City 6 - Evansville 2 |
| BOTTOM OF THE 3RD |
|
Evansville Triplets batting - Pitching for Oklahoma City 89ers : LHP Jesus Rios
|
|
Batting: RHB Cory Mihalic
|
0-0: Called Strike 0-1: Swinging Strike 0-2: Ball 1-2: Ground out 6-3 (Groundball, 6D, EV 101.3 MPH)
|
|
Batting: LHB Lloyd Moseby
|
0-0: Ground out 6-3 (Groundball, 6, EV 105.0 MPH)
|
|
Batting: RHB Ron Kittle
|
0-0: Called Strike 0-1: Swinging Strike 0-2: Ball 1-2: Ball 2-2: Foul Ball, location: 2F 2-2: Ball 3-2: Reached on error, E6 (Groundball, 6M, EV 112.5 MPH)
|
|
Batting: SHB Mickey Tettleton
|
0-0: Ball 1-0: Ball 2-0: Foul Ball, location: 2F 2-1: Ball 3-1: Fly out, F8 (Flyball, 8RM, EV 95.6 MPH)
|
| Bottom of the 3rd over - 0 runs, 0 hits, 1 error, 1 left on base; Oklahoma City 6 - Evansville 2 |
| TOP OF THE 4TH |
|
Oklahoma City 89ers batting - Pitching for Evansville Triplets : RHP Victor Bernal
|
|
Batting: RHB Danny Jasso
|
0-0: Swinging Strike 0-1: Foul Ball, location: 2F 0-2: Foul Ball, location: 2F 0-2: Ball 1-2: Ball 2-2: Foul Ball, location: 2F 2-2: Ball 3-2: Base on Balls
|
|
Batting: RHB James Glenn
|
0-0: Foul Ball, location: 2F 0-1: Foul Ball, location: 2F 0-2: Foul Ball, location: 2F 0-2: SINGLE (Groundball, 4MD, EV 98.1 MPH) Danny Jasso to second Runner from 2nd tries for 3rd, SAFE, no throw by CF
|
|
Batting: RHB John Christensen
|
0-0: Ball 1-0: Ball 2-0: Called Strike 2-1: Foul Ball, location: 2F 2-2: SINGLE (Groundball, 34D, EV 98.8 MPH) Danny Jasso scores James Glenn to second Runner from 2nd tries for 3rd, SAFE, no throw by RF
|
|
Batting: RHB David Green
|
0-0: Ball 1-0: Swinging Strike 1-1: Foul Ball, location: 2F 1-2: Foul Ball, location: 2F 1-2: Ball 2-2: Ground out 5-3 (Groundball, 5S, EV 74.4 MPH) James Glenn scores John Christensen to second
|
|
Batting: RHB Cecil Fielder
|
0-0: Fly out, F9 (Flyball, 9LM, EV 84.4 MPH)
|
|
Batting: LHB Tom O'Malley
|
0-0: Fly out, F6 (Popup, 6MS, EV 84.4 MPH)
|
| Top of the 4th over - 2 runs, 2 hits, 0 errors, 1 left on base; Oklahoma City 8 - Evansville 2 |
| BOTTOM OF THE 4TH |
|
Evansville Triplets batting - Pitching for Oklahoma City 89ers : LHP Jesus Rios
|
|
Batting: RHB Mike Allen
|
0-0: Called Strike 0-1: Ball 1-1: Ball 2-1: Foul Ball, location: 2F 2-2: Foul Ball, location: 2F 2-2: Ground out 6-3 (Groundball, 56, EV 109.4 MPH)
|
|
Batting: LHB Luis Alfaro
|
0-0: Ball 1-0: Ball 2-0: Fly out, F8 (Flyball, 89XD, EV 95.0 MPH)
|
|
Batting: RHB Jaden Smith
|
0-0: Called Strike 0-1: Swinging Strike 0-2: Ball 1-2: Strikes out swinging
|
| Bottom of the 4th over - 0 runs, 0 hits, 0 errors, 0 left on base; Oklahoma City 8 - Evansville 2 |
| TOP OF THE 5TH |
|
Oklahoma City 89ers batting - Pitching for Evansville Triplets : RHP Victor Bernal
|
|
Batting: LHB John Harris
|
0-0: Ball 1-0: Ball 2-0: Ball 3-0: Base on Balls
|
|
Batting: RHB Nick Esasky
|
0-0: Called Strike 0-1: Foul Ball, location: 2F 0-2: Fly out, F4 (Flyball, 34D, EV 89.4 MPH)
|
|
Batting: RHB Robert Bailey
|
0-0: Ball 1-0: Called Strike 1-1: Grounds into double play, 6-4-3 (Groundball, 6D, EV 105.0 MPH)
|
| Top of the 5th over - 0 runs, 0 hits, 0 errors, 0 left on base; Oklahoma City 8 - Evansville 2 |
| BOTTOM OF THE 5TH |
|
Evansville Triplets batting - Pitching for Oklahoma City 89ers : LHP Jesus Rios
|
|
Batting: RHB Ed Jurak
|
0-0: Swinging Strike 0-1: Called Strike 0-2: Ball 1-2: Ball 2-2: Foul Ball, location: 2F 2-2: Fly out, F9 (Flyball, 9LM, EV 85.0 MPH)
|
|
Batting: LHB Greg Gross
|
0-0: Ball 1-0: Ball 2-0: Called Strike 2-1: Swinging Strike 2-2: Strikes out looking
|
|
Batting: RHB Cory Mihalic
|
0-0: Ball 1-0: Ball 2-0: Ball 3-0: Called Strike 3-1: Foul Ball, location: 2F 3-2: DOUBLE (Line Drive, 9LM, EV 103.8 MPH)
|
|
Batting: LHB Lloyd Moseby
|
0-0: Foul Ball, location: 2F 0-1: Called Strike 0-2: Ball 1-2: Ball 2-2: Foul Ball, location: 2F 2-2: Ball 3-2: Foul Ball, location: 2F 3-2: Fly out, F7 (Flyball, 7D, EV 96.9 MPH)
|
| Bottom of the 5th over - 0 runs, 1 hit, 0 errors, 1 left on base; Oklahoma City 8 - Evansville 2 |
| TOP OF THE 6TH |
|
Oklahoma City 89ers batting - Pitching for Evansville Triplets : RHP Victor Bernal
|
|
Pitching: LHP Paul Mirabella
|
|
|
Batting: RHB Danny Jasso
|
0-0: Called Strike 0-1: Ball 1-1: Ground out 6-3 (Groundball, 6, EV 103.1 MPH)
|
|
Batting: RHB James Glenn
|
0-0: Ball 1-0: Ball 2-0: Called Strike 2-1: Foul Ball, location: 2F 2-2: Strikes out swinging
|
|
Batting: RHB John Christensen
|
0-0: Ball 1-0: Called Strike 1-1: Ground out 4-3 (Groundball, 4, EV 88.8 MPH)
|
| Top of the 6th over - 0 runs, 0 hits, 0 errors, 0 left on base; Oklahoma City 8 - Evansville 2 |
| BOTTOM OF THE 6TH |
|
Evansville Triplets batting - Pitching for Oklahoma City 89ers : LHP Jesus Rios
|
|
Batting: RHB Ron Kittle
|
0-0: Called Strike 0-1: Ball 1-1: Ball 2-1: Swinging Strike 2-2: Ball 3-2: Strikes out looking
|
|
Batting: SHB Mickey Tettleton
|
0-0: Ball 1-0: Called Strike 1-1: Foul Ball, location: 2F 1-2: Ball 2-2: Foul Ball, location: 2F 2-2: Ball 3-2: SINGLE (Line Drive, 9S, EV 106.3 MPH)
|
|
Batting: RHB Mike Allen
|
0-0: Ball Mickey Tettleton steals 2nd base 1-0: Foul Ball, location: 2F 1-1: Ball 2-1: Ground out 6-3 (Groundball, 6, EV 78.8 MPH)
|
|
Batting: LHB Luis Alfaro
|
0-0: SINGLE (Flyball, 56D, EV 88.1 MPH) Mickey Tettleton to third Runner from 3rd tries for Home, SAFE, throw by LF to home
|
|
Batting: RHB Jaden Smith
|
0-0: Fly out, F3 (Popup, 3SF, EV 79.4 MPH)
|
| Bottom of the 6th over - 1 run, 2 hits, 0 errors, 1 left on base; Oklahoma City 8 - Evansville 3 |
| TOP OF THE 7TH |
|
Oklahoma City 89ers batting - Pitching for Evansville Triplets : LHP Paul Mirabella
|
|
Batting: RHB David Green
|
0-0: Ball 1-0: Fly out, F7 (Flyball, 78XD, EV 88.8 MPH)
|
|
Batting: RHB Cecil Fielder
|
0-0: Ball 1-0: Ball 2-0: Called Strike 2-1: Ball 3-1: Foul Ball, location: 2F 3-2: Strikes out looking
|
|
Batting: LHB Tom O'Malley
|
0-0: Ball 1-0: Ball 2-0: Ground out U3 (Groundball, 3, EV 86.3 MPH)
|
| Top of the 7th over - 0 runs, 0 hits, 0 errors, 0 left on base; Oklahoma City 8 - Evansville 3 |
| BOTTOM OF THE 7TH |
|
Evansville Triplets batting - Pitching for Oklahoma City 89ers : LHP Jesus Rios
|
|
Batting: RHB Ed Jurak
|
0-0: Foul Ball, location: 2F 0-1: Ball 1-1: Ground out U3 (Groundball, 34S, EV 90.0 MPH)
|
|
Batting: LHB Greg Gross
|
0-0: Ball 1-0: Ground out 5-3 (Groundball, 56S, EV 80.0 MPH)
|
|
Batting: RHB Cory Mihalic
|
0-0: Ball 1-0: Swinging Strike 1-1: Ball 2-1: TRIPLE (Line Drive, 89XD, EV 101.9 MPH)
|
|
Batting: LHB Lloyd Moseby
|
0-0: Called Strike 0-1: Ball 1-1: Ball 2-1: 2-RUN HOME RUN (Flyball, 9D, EV 96.3 MPH), Distance : 391 ft
|
|
Pitching: LHP Keith Comstock
|
|
|
Batting: RHB Ron Kittle
|
0-0: Fly out, F8 (Flyball, 89D, EV 90.0 MPH)
|
| Bottom of the 7th over - 2 runs, 2 hits, 0 errors, 0 left on base; Oklahoma City 8 - Evansville 5 |
| TOP OF THE 8TH |
|
Oklahoma City 89ers batting - Pitching for Evansville Triplets : LHP Paul Mirabella
|
|
Batting: LHB John Harris
|
0-0: Fly out, F7 (Flyball, 78D, EV 101.9 MPH)
|
|
Batting: RHB Nick Esasky
|
0-0: Fly out, F7 (Flyball, 7, EV 78.8 MPH)
|
|
Batting: RHB Robert Bailey
|
0-0: Ground out 6-3 (Groundball, 6, EV 95.6 MPH)
|
| Top of the 8th over - 0 runs, 0 hits, 0 errors, 0 left on base; Oklahoma City 8 - Evansville 5 |
| BOTTOM OF THE 8TH |
|
Evansville Triplets batting - Pitching for Oklahoma City 89ers : LHP Keith Comstock
|
|
Now at 2B: Gregory Pastors
|
|
|
Now in CF: Ron Tingley
|
|
|
Batting: SHB Mickey Tettleton
|
0-0: Ball 1-0: Foul Ball, location: 2F 1-1: Ball 2-1: Foul Ball, location: 2F 2-2: Ball 3-2: Foul Ball, location: 2F 3-2: Foul Ball, location: 2F 3-2: Ground out 5-3 (Groundball, 5, EV 80.0 MPH)
|
|
Batting: RHB Mike Allen
|
0-0: Ball 1-0: SOLO HOME RUN (Flyball, 9LD, EV 98.1 MPH), Distance : 371 ft
|
|
Batting: LHB Luis Alfaro
|
0-0: Called Strike 0-1: Ground out U3 (Groundball, 3, EV 88.8 MPH)
|
|
Batting: RHB Jaden Smith
|
0-0: Ground out 5-3 (Groundball, 56, EV 82.5 MPH)
|
| Bottom of the 8th over - 1 run, 1 hit, 0 errors, 0 left on base; Oklahoma City 8 - Evansville 6 |
| TOP OF THE 9TH |
|
Oklahoma City 89ers batting - Pitching for Evansville Triplets : LHP Paul Mirabella
|
|
Pitching: LHP Randy Niemann
|
|
|
Batting: RHB Danny Jasso
|
0-0: Ball 1-0: Ground out 6-3 (Groundball, 56, EV 104.4 MPH)
|
|
Batting: RHB James Glenn
|
0-0: Called Strike 0-1: Called Strike 0-2: Ground out 6-3 (Groundball, 56D, EV 106.3 MPH)
|
|
Batting: RHB John Christensen
|
0-0: Foul Ball, location: 2F 0-1: Ball 1-1: Ball 2-1: Ground out 1-3 (Groundball, 13S, EV 66.9 MPH)
|
| Top of the 9th over - 0 runs, 0 hits, 0 errors, 0 left on base; Oklahoma City 8 - Evansville 6 |
| BOTTOM OF THE 9TH |
|
Evansville Triplets batting - Pitching for Oklahoma City 89ers : LHP Keith Comstock
|
|
Pitching: RHP Ernie Camacho
|
|
|
Batting: RHB Ed Jurak
|
0-0: Ball 1-0: Ground out 4-3 (Groundball, 4, EV 106.3 MPH)
|
|
Batting: LHB Greg Gross
|
0-0: Called Strike 0-1: Ground out 6-3 (Groundball, 6, EV 86.9 MPH)
|
|
Batting: RHB Cory Mihalic
|
0-0: Called Strike 0-1: Ball 1-1: Foul Ball, location: 2F 1-2: Ball 2-2: Fly out, F8 (Flyball, 8RM, EV 93.1 MPH)
|
| Bottom of the 9th over - 0 runs, 0 hits, 0 errors, 0 left on base; Oklahoma City 8 - Evansville 6 |
|